 Dungeon Crawl Stone Soup version 0.28-b1-25-g9875b3fc8c (webtiles) character file.

Game seed: 7170347691496693633

15010 Atelerd the Thaumaturge (level 12, -16/70 HPs)
             Began as an Octopode Earth Elementalist on Feb 2, 2022.
             Was a Priest of Vehumet.
             Killed from afar by a guardian serpent (24 damage)
             ... with a bolt of poison
             ... on level 3 of the Abyss.
             The game lasted 00:33:44 (16404 turns).

Atelerd the Thaumaturge (OpEE)                     Turns: 16404, Time: 00:33:45

Health: -16/70     AC: 11    Str:  7    XL:     12   Next: 22%
Magic:  27/27      EV: 16    Int: 27    God:    Vehumet [***...]
Gold:   296        SH:  0    Dex: 14    Spells: 19/33 levels left

rFire   . . .      SeeInvis +   g - +4 dagger (venom)
rCold   . . .      Faith    .   (no shield)
rNeg    . . .      Spirit   .   I - +2 hat {SInv}
rPois   .          Reflect  .   (no amulet)
rElec   .          Harm     .   q - +4 ring of protection
rCorr   .          Rampage  .   i - +4 ring of protection
Will    .....                   s - +6 ring of intelligence
Stlth   +++++.....              (no ring)
HPRegen 0.21/turn               (no ring)
MPRegen 0.20/turn               (no ring)
                                (no ring)
                                (no ring)

@: lethally poisoned (-16 -> -34)
A: almost no armour, amphibious, 8 rings, camouflage 1, gelatinous body 1,
(nimble swimmer 1), tentacles, [deterioration 2], [screaming 2]
a: Renounce Religion


You were on level 3 of the Abyss.
You worshipped Vehumet.
Vehumet was most pleased with you.
You visited 2 branches of the dungeon, and saw 13 of its levels.
You visited the Abyss 1 time.
You also visited: Sewer and Gauntlet.

You collected 668 gold pieces.
You spent 372 gold pieces at shops.

Inventory:

Hand Weapons
 c - a +0 short sword
 g - a +4 dagger of venom (weapon)
 J - the +3 flail of Plog {vorpal, rElec Will+ rCorr}
   (You found it on level 9 of the Dungeon)

   It inflicts extra damage upon your enemies.
   rElec:     It insulates you from electricity.
   rCorr:     It protects you from acid and corrosion.
   Will:      It increases your willpower.
Missiles
 b - 125 stones
 C - 6 atropa-tipped darts
Armour
 I - a +2 hat of see invisible (worn)
Jewellery
 a - a ring of ice
 i - a +4 ring of protection (right tentacle)
 q - a +4 ring of protection (left tentacle)
 s - a +6 ring of intelligence (on tentacle)
Wands
 y - a wand of flame (18)
 B - a wand of charming (12)
Scrolls
 h - 2 scrolls of brand weapon
 m - a scroll of fear
 o - a scroll of holy word
 A - a scroll of enchant weapon
 E - a scroll of amnesia
 F - a scroll of silence
 H - 3 scrolls of identify
Potions
 d - a potion of magic
 f - 4 potions of curing
 j - a potion of brilliance
 k - a potion of invisibility
 l - a potion of resistance
 n - 3 potions of haste {unknown}
 p - a potion of attraction
 r - 3 potions of degeneration {unknown}
 u - a potion of cancellation {unknown}
 x - 2 potions of might
 z - 3 potions of flight {unknown}
Miscellaneous
 e - a condenser vane


   Skills:
 - Level 2.2 Fighting
 - Level 3.4 Short Blades
 + Level 6.9 Dodging
 - Level 8.0 Stealth
 - Level 0.9 Unarmed Combat
 - Level 11.1 Spellcasting
 * Level 6.5 Conjurations
 - Level 3.0 Transmutations
 - Level 10.4 Earth Magic


You had 19 spell levels left.
You knew the following spells:

 Your Spells              Type           Power      Damage    Failure   Level
a - Sandblast             Erth           100%       2d20      1%          1
b - Irradiate             Conj/Tmut      20%        3d20      4%          5
c - Summon Lightning Spi  Summ/Air       15%        N/A       36%         4
p - Petrify               Tmut/Erth      50%        N/A       2%          4

Your spell library contained the following spells:

 Spells                   Type           Power      Damage    Failure   Level
 Dazzling Flash           Conj/Hex       64%        N/A       1%          3
 Magic Dart               Conj           100%       1d8       1%          1
 Passwall                 Tmut/Erth      41%        N/A       1%          2
 Searing Ray              Conj           100%       2d8       1%          2
 Stone Arrow              Conj/Erth      100%       3d13      1%          3
 Fulminant Prism          Conj/Hex       16%        3d11      2%          4
 Apportation              Tloc           30%        N/A       3%          1
 Sublimation of Blood     Necr           15%        N/A       6%          2
 Alistair's Intoxication  Tmut/Pois      15%        N/A       50%         5
 Storm Form               Tmut/Air       11%        N/A       100%        7
 Maxwell's Capacitive Co  Air            7%         ∞         100%        8


Dungeon Overview and Level Annotations

Branches:
Dungeon (14/15)            Temple (1/1) D:4            Lair (0/6) D:10
    Orc (0/2) D:9           Sewer (visited)         Gauntlet (visited)
 Vaults: D:13-14

Altars:
Ashenzari
Cheibriados
Dithmenos
Elyvilon
Fedhas
Gozag
Hepliaklqana
Kikubaaqudgha
Makhleb
Nemelex Xobeh
Okawaru
Qazlal
Ru
Sif Muna
Trog
Uskayaw
Vehumet
Wu Jian
Xom
Yredelemnul
Zin
The Shining One

Shops:
D:4 (   D:8 :

Annotations:
D:3 2 runed translucent doors, 4FPSwarrior's ghost, amateur DECj
D:8 exclusion: downstairs Gauntlet 13 transporters, exclusion: ice statue


Innate Abilities, Weirdness & Mutations

You cannot wear most types of armour.
You are amphibious.
You can wear up to eight rings at the same time.
Your skin changes colour to match your surroundings (Stealth+).
Your rubbery body absorbs attacks. (AC +1, EV +1)
((You are camouflaged when in or above water. (Stealth+)))
You have tentacles for arms and can constrict up to eight enemies at once.
[Your body often deteriorates upon taking damage.]
[You frequently scream uncontrollably at your foes.]


Message History

Press: ? - help, v - describe, . - travel
Here: a wretched star The floor.
Okay, then.
Unknown command.
Casting: Sandblast (safe; 1% risk of failure)
Confirm with . or Enter, or press ? or * to list all spells.
You can't see any susceptible monsters within range! (Use Z to cast anyway.)
Okay, then.
Okay, then.
Unknown command.
Unknown command.
Okay, then.
Unknown command.
As you read the scroll of fog, it crumbles to dust.
The scroll dissolves into smoke.
The wretched star pulses with an eldritch light!
The wretched star glows turbulently.
The lance of force misses you. The large abomination hits you!!
* * * LOW HITPOINT WARNING * * *
The guardian serpent casts a spell at you.
The large abomination blinks!
The wretched star blinks!
Press: ? - help, v - describe, . - travel
Here: a large abomination The floor.
Unknown command.
The guardian serpent casts a spell at you.
The large abomination blinks!
The wretched star blinks!
The large abomination misses you.
The wretched star pulses with an eldritch light!
You feel yourself wasting away.
You feel your body start to fall apart.
The wretched star pulses with an eldritch light!
The guardian serpent casts a spell at you.
The wretched star blinks into view!
The large abomination blinks!
The guardian serpent casts a spell at you.
The bolt of poison hits the wretched star.
The wretched star completely resists.
The bolt of poison hits you!!
You are lethally poisoned!
You die...

## .# ###X#
##@.##
###.#*.#
####..#.S##
........#.#
#.##..##.§.##
.##...#.....#
. #...#....S#
#...#.#...#.#
..
.##..##.#...


You could see a wretched star, a large abomination and a guardian serpent.

Vanquished Creatures
  Gastronok (D:8)
  3 boulder beetles (D:10)
  A hydra (D:11)
  A death knight (D:14)
  Pikel (D:7)
  A cyclops (D:9)
  A manticore (D:14)
  Joseph (D:7)
  A gargoyle (D:11)
  Maggie (D:8)
  2 kobold demonologists (D:9)
  A hornet (D:8)
  3 blink frogs (Abyss:3)
  A ynoxinul (Abyss:3)
  A water elemental (Abyss:3)
  A vampire (D:10)
  A wraith (D:8)
  17 yaks
  Grum (D:8)
  Menkaure (D:6)
  An acid dragon (D:9)
  A warg (D:9)
  A water moccasin (D:7)
  5 orc warriors
  An ice beast (D:6)
  2 black bears
  An ogre (D:9)
  A necrophage (D:7)
  4 wolves (D:8)
  A phantom (D:5)
  6 centaurs
  12 kobold brigands
  Blork the orc (D:6)
  6 bullfrogs
  A water moccasin zombie (D:5)
  A scorpion (D:5)
  A wyvern skeleton (D:5)
  5 wights (D:9)
  3 howler monkeys (D:8)
  A centaur zombie (D:8)
  2 hounds
  9 orc priests
  A bullfrog zombie (D:5)
  A gnoll shaman (D:6)
  5 jellies
  A centaur skeleton (D:5)
  6 iguanas
  Jessica (D:3)
  10 orc wizards
  A killer bee zombie (D:6)
  4 gnolls (D:6)
  8 adders
  A howler monkey skeleton (D:5)
  3 shadow imps
  3 worms (D:3)
  2 dart slugs
  24 orcs
  9 ball pythons
  9 bats
  2 endoplasms
  4 giant cockroaches
  11 goblins
  6 hobgoblins
  3 quokkas
  5 frilled lizards
  43 kobolds
  12 rats
282 creatures vanquished.

Vanquished Creatures (others)
  An orc wizard (D:10)
  14 fungi
  20 plants
35 creatures vanquished.

Grand Total: 317 creatures vanquished

Notes
Turn   | Place    | Note
-------+----------+-------------------------------------------
     0 | D:1      | Atelerd the Octopode Earth Elementalist began the quest for
                  | the Orb.
     0 | D:1      | Reached XP level 1. HP: 11/11 MP: 3/3
   172 | D:1      | Reached XP level 2. HP: 17/17 MP: 1/5
   515 | D:1      | Found a faded altar of an unknown god.
   606 | D:1      | Reached XP level 3. HP: 8/21 MP: 4/6
  1624 | D:3      | Noticed Jessica
  1631 | D:3      | Killed Jessica
  1632 | D:3      | Reached XP level 4. HP: 27/27 MP: 8/8
  1739 | D:3      | Found a basalt altar of Yredelemnul.
  1748 | D:3      | Reached skill level 3 in Spellcasting
  1874 | D:3      | Reached skill level 1 in Short Blades
  1874 | D:3      | Reached XP level 5. HP: 32/32 MP: 9/9
  1884 | D:3      | Found a glowing drain.
  1891 | Sewer    | Entered a sewer
  1980 | Sewer    | Noticed a kobold brigand
  1980 | Sewer    | Noticed a kobold brigand
  1989 | Sewer    | Killed a kobold brigand
  1990 | Sewer    | Reached skill level 1 in Fighting
  2307 | Sewer    | Killed a kobold brigand
  2308 | Sewer    | Reached XP level 6. HP: 23/38 MP: 6/11
  2525 | Sewer    | Reached skill level 4 in Spellcasting
  2698 | Sewer    | Reached skill level 5 in Earth Magic
  2698 | Sewer    | Reached XP level 7. HP: 10/45 MP: 8/13
  3220 | D:3      | Found a runed translucent door.
  3237 | D:3      | Found a runed translucent door.
  3282 | D:3      | Found a bloodstained altar of Trog.
  3410 | D:3      | Noticed 4FPSwarrior's ghost (amateur DECj)
  3627 | D:4      | Found Hanics's Magic Scroll Shoppe.
  4171 | D:4      | Found a staircase to the Ecumenical Temple.
  4272 | D:4      | Found Wiuklot's Weapon Shoppe.
  4308 | Temple   | Entered the Ecumenical Temple
  4867 | D:5      | Entered Level 5 of the Dungeon
  4873 | D:5      | Reached skill level 5 in Spellcasting
  4998 | D:5      | Reached XP level 8. HP: 50/50 MP: 9/15
  5232 | D:5      | Identified the +2 robe "Iregun" {Drain Will+++ Str+3 Dex+3}
  5663 | D:5      | Found a white marble altar of Elyvilon.
  5666 | D:5      | Found a glowing golden altar of the Shining One.
  5680 | D:5      | Found a sparkling altar of Nemelex Xobeh.
  5682 | D:5      | Found a shadowy altar of Dithmenos.
  5684 | D:5      | Found a radiant altar of Vehumet.
  5690 | D:5      | Became a worshipper of Vehumet
  5766 | D:4      | Bought a scroll of fear for 42 gold pieces
  5766 | D:4      | Bought a scroll of identify for 24 gold pieces
  5766 | D:4      | Bought a scroll of blinking for 90 gold pieces
  6215 | D:6      | Reached skill level 5 in Stealth
  6239 | D:6      | Reached skill level 6 in Spellcasting
  6285 | D:6      | Noticed Menkaure
  6288 | D:6      | Killed Menkaure
  6289 | D:6      | Reached XP level 9. HP: 54/54 MP: 15/18
  6294 | D:6      | Learned a level 4 spell: Petrify
  6402 | D:6      | Found an ornate altar of the Wu Jian Council.
  6542 | D:6      | Found a glowing silver altar of Zin.
  6622 | D:6      | Noticed Blork the orc
  6633 | D:6      | Killed Blork the orc
  6865 | D:7      | Identified the +10 short sword of the Devouring Priest
                  | {freeze, Fly MP+9 Dex+2}
  7325 | D:7      | Noticed Joseph
  7339 | D:7      | Killed Joseph
  7340 | D:7      | Reached skill level 7 in Spellcasting
  7537 | D:7      | Found a shimmering altar of Xom.
  8009 | D:7      | Reached * piety under Vehumet
  8009 | D:7      | Offered knowledge of Shock by Vehumet.
  8135 | D:8      | Reached skill level 8 in Spellcasting
  8206 | D:8      | Reached XP level 10. HP: 60/60 MP: 22/22
  8445 | D:8      | Noticed Pikel
  8494 | D:7      | Killed Pikel
  8635 | D:8      | Found Futief's Book Emporium.
  8638 | D:8      | Noticed Grum
  8655 | D:8      | Reached skill level 9 in Spellcasting
  8660 | D:8      | Reached skill level 10 in Earth Magic
  8804 | D:8      | Killed Grum
  9281 | D:8      | Noticed Maggie
  9292 | D:8      | Killed Maggie
  9352 | D:8      | Noticed Gastronok
  9859 | D:8      | Found a shimmering blue altar of Sif Muna.
 10079 | D:4      | Bought a scroll of teleportation for 36 gold pieces
 10079 | D:4      | Bought a scroll of amnesia for 42 gold pieces
 10079 | D:4      | Bought a scroll of silence for 90 gold pieces
 10079 | D:4      | Bought a scroll of fog for 24 gold pieces
 10079 | D:4      | Bought a scroll of identify for 24 gold pieces
 10676 | D:9      | Reached ** piety under Vehumet
 10677 | D:9      | Offered knowledge of Freeze by Vehumet.
 10839 | D:9      | Reached XP level 11. HP: 46/64 MP: 19/24
 10987 | D:9      | Noticed a sun demon
 11808 | D:8      | Killed Gastronok
 11894 | D:9      | Reached skill level 10 in Spellcasting
 11898 | D:9      | Reached skill level 5 in Dodging
 12358 | D:9      | Found a staircase to the Orcish Mines.
 12410 | D:10     | Entered Level 10 of the Dungeon
 12621 | D:10     | Offered knowledge of Dazzling Flash by Vehumet.
 12644 | D:10     | Reached skill level 11 in Spellcasting
 12896 | D:10     | Found a staircase to the Lair.
 12903 | D:10     | Learned a level 5 spell: Irradiate
 13518 | D:9      | Reached *** piety under Vehumet
 13519 | D:9      | Reached skill level 1 in Conjurations
 13583 | D:9      | Noticed a cyclops
 13593 | D:9      | Killed a cyclops
 13597 | D:9      | Identified the +3 flail of Plog {vorpal, rElec Will+ rCorr}
 13611 | D:9      | Found a blossoming altar of Fedhas.
 14147 | D:11     | Noticed a boulder beetle
 14162 | D:11     | Noticed a boulder beetle
 14173 | D:10     | Killed a boulder beetle
 14279 | D:11     | Noticed a boulder beetle
 14280 | D:11     | Noticed a four-headed hydra
 14291 | D:10     | Killed a boulder beetle
 14292 | D:10     | Reached skill level 5 in Conjurations
 14316 | D:10     | Killed a boulder beetle
 14317 | D:10     | Reached XP level 12. HP: 28/70 MP: 20/27
 14541 | D:11     | Killed a four-headed hydra
 14562 | D:11     | You fall into a shaft and drop 3 floors!
 14803 | D:14     | Noticed a death knight
 14819 | D:14     | Killed a death knight
 14845 | D:14     | Found a gate leading to a gauntlet.
 14850 | Gauntlet | Entered a Gauntlet
 14850 | Gauntlet | Found a transporter.
 14887 | Gauntlet | Noticed a soul eater
 14906 | Gauntlet | Found a transporter.
 14919 | Gauntlet | Found a transporter.
 14922 | Gauntlet | Noticed a hell beast
 14924 | Gauntlet | Found a transporter.
 14941 | Gauntlet | Found a transporter.
 14959 | Gauntlet | Found a transporter.
 14971 | Gauntlet | Found a transporter.
 14973 | Gauntlet | Noticed a four-headed hydra
 14977 | Gauntlet | Found a transporter.
 14992 | Gauntlet | Found a transporter.
 14998 | Gauntlet | Found a transporter.
 15013 | Gauntlet | Found a transporter.
 15025 | Gauntlet | Found a transporter.
 15042 | Gauntlet | Found a transporter.
 15060 | Gauntlet | Found a transporter.
 15062 | Gauntlet | Found a transporter.
 15087 | Gauntlet | Found a transporter.
 15089 | Gauntlet | Found a transporter.
 15111 | Gauntlet | Found a transporter.
 15240 | Gauntlet | Learned a level 4 spell: Summon Lightning Spire
 16028 | Gauntlet | Cast into level 3 of the Abyss (a wizard)
 16028 | Abyss:3  | Found a corrupted altar of Lugonu.
 16088 | Abyss:3  | Noticed a lorocyproca
 16091 | Abyss:3  | Noticed a green death
 16125 | Abyss:3  | Noticed a thrashing horror
 16257 | Abyss:3  | Noticed a thrashing horror
 16258 | Abyss:3  | Noticed a thrashing horror
 16269 | Abyss:3  | Noticed a Hell Sentinel
 16276 | Abyss:3  | Noticed a thrashing horror
 16289 | Abyss:3  | Noticed a rakshasa
 16333 | Abyss:3  | Noticed a bone dragon
 16375 | Abyss:3  | Noticed a wretched star
 16404 | Abyss:3  | Killed from afar by a guardian serpent

Illustrated notes

Levels and vault maps discovered:
D:1:      minmay_arrival_checkered_box, layout_rooms,
          ebering_ecumenical_altar_hall, minmay_misc_feat_tiny, chequers_garden,
          serial_bayou_pond_b
D:2:      layout_loops_ring
D:3:      layout_rooms, yredelemnul_altar_generic, trog_hazing_becter,
          ebering_ghost_sewer_f, lightli_sewer_entry_pipes, uniq_jessica
D:4:      layout_basic, minmay_temple_entry_proselytizer, serial_shops, shop,
          shop, kennysheep_generic_room_14
D:5:      layout_rooms, minitemple
D:6:      layout_gridville, general_overflow_altar,
          mainiacjoe_overflow_surrounded_room, bh_walls_and_bars, uniq_menkaure,
          uniq_blork_the_orc
D:7:      layout_cave_pods, brannock_xom_greatest_gift, enter_bailey_3,
          uniq_joseph
D:8:      layout_loops_cross, tgw_sif, serial_shops, shop_fountains,
          uniq_gastronok, uniq_grum, uniq_pikel, uniq_maggie
D:9:      layout_basic, amcnicky_altar_gilded, erik_orc_3
D:10:     layout_cave_pods, lair_entry_dummy
D:11:     lemuel_slime, layout_basic
D:14:     layout_roguey [special_room_mythical_zoo],
          hangedman_vaults_entry_quadrant_bands, kiku_gazebo_garden_becter,
          gauntlet_entry_generic, uniq_rupert
Temple:   jpeg_temple_alley_garden
Abyss:3:  base: D:14, small_statue_intersection, bh_abyss_xom_lugonu_altar,
          minivault_26, doesnt_abyss_rune_brain_food
Gauntlet: gammafunk_gauntlet_one_two_three [nicolae_gauntlet_arena_quarters,
          gammafunk_gauntlet_arena_arrow_garden, gammafunk_gauntlet_arena_open,
          gammafunk_gauntlet_arena_teeth, gammafunk_gauntlet_arena_chambers,
          nicolae_gauntlet_arena_flowing_pool, nicolae_gauntlet_arena_grate_2,
          nicolae_gauntlet_arena_blocks, nicolae_gauntlet_swirl,
          gauntlet_exit_green]

Skill      XL: |  1  2  3  4  5  6  7  8  9 10 11 12 |
---------------+-------------------------------------+-----
Earth Magic    | 4 5 7 9 10 | 10.4
Spellcasting   | 3 4 5 6 8 9 11 | 11.1
Short Blades   | 1 2 3 |  3.4
Fighting       | 1 2 |  2.2
Stealth        | 3 5 7 8 |  8.0
Transmutations | 3 |  3.0
Dodging        | 3 6 |  6.9
Conjurations   | 5 6 |  6.5
Unarmed Combat | |  0.9

Action                   |  1- 3 |  4- 6 |  7- 9 | 10-12 || total
-------------------------+-------+-------+-------+-------++-------
Melee: Unarmed           |    12 |       |       |       ||    12
       Constrict         |    14 |    13 |    15 |    27 ||    69
       Tentacles         |     5 |     5 |    21 |    68 ||    99
       Short sword       |     7 |       |       |       ||     7
       Dagger            |    31 |    44 |    95 |   178 ||   348
       Punch             |       |     1 |     5 |     6 ||    12
 Cast: Sandblast         |    16 |    25 |   105 |   155 ||   301
       Petrify           |       |       |    13 |    67 ||    80
       Irradiate         |       |       |       |     6 ||     6
Evoke: Wand              |       |       |     5 |    13 ||    18
  Use: Scroll            |     1 |       |     8 |     8 ||    17
       Potion            |       |     6 |     4 |     2 ||    12
 Stab: Sleeping          |    14 |     8 |    21 |     5 ||    48
       Petrified         |       |       |    20 |    67 ||    87
       Petrifying        |       |       |     1 |     2 ||     3
       Distracted        |       |       |       |     1 ||     1
Armor: Skin              |     1 |     7 |    39 |    71 ||   118
Dodge: Dodged            |    27 |    51 |    59 |   174 ||   311
